AoeStats
← GhostyStar1527

Arena

510248186Analyzed
3v3 RM · 1d ago on Sep 30, 2026· 60m 22s· 6 players
Game mode
Random Map
Map size
Normal (6 player)
Population
200
Speed
Normal
Resources
Standard
Victory
Conquest
Starting age
Dark Age
Ending age
Imperial Age
RankedLock teamsTeams togetherTeam positionsShared explorationLock speedFull tech treeHidden civsTurbo modeCheats
Victory
Defeat
🇺🇸 Romans · United States
945
+14
🇺🇸 Khmer · United States
920
+15
🇺🇸 Danes · United States
903
+16
🇺🇸 Spanish · United States
967
-18
🇺🇸 Danes · United States
942
-17
🇺🇸 Britons · United States
785
-10
Bart Harley Jarvis
10:59 Feudal Age
15:11 Castle Age
14:01 Stone Mining
14:18 Double-Bit Axe
15:55 Loom
16:52 Stone Shaft Mining
24:07 Scale Mail Armor
24:28 Hamask
25:20 Forging
27:01 Horse Collar
31:21 Chain Mail Armor
33:45 Wheelbarrow
32:55 Town Watch
34:55 Iron Casting
34:10 Arson
35:29 Hand Cart
37:39 Ballistics
37:32 Masonry
43:06 Imperial Age
40:47 Fletching
40:58 Padded Archer Armor
41:25 Bodkin Arrow
43:18 Elite Skirmisher
44:06 Thumb Ring
45:49 Blast Furnace
45:19 Plate Mail Armor
46:31 Scale Barding Armor
46:29 Bracer
46:44 Leather Archer Armor
47:02 Conscription
47:08 Bow Saw
46:39 Light Cavalry
47:30 Bloodlines
47:20 Husbandry
48:55 Chemistry
48:30 Heavy Plow
49:53 Chain Barding Armor
49:49 Northmen's Fury
51:06 Hoardings
50:33 Gambesons
50:48 Squires
52:21 Plate Barding Armor
52:16 Gold Mining
51:56 Man-at-Arms
52:36 Squires
53:31 Long Swordsman
55:36 Ring Archer Armor
54:29 Two-Handed Swordsman
55:09 Champion
57:10 Town Patrol
59:41 Pikeman
59:55 Elite Jomsviking
lovestosplooge
5:03 Loom
11:59 Feudal Age
13:59 Scale Barding Armor
16:02 Double-Bit Axe
18:43 Castle Age
17:14 Stone Mining
17:33 Horse Collar
18:17 Gold Mining
19:24 Padded Archer Armor
19:55 Scale Barding Armor
26:35 Wheelbarrow
28:38 Heavy Plow
31:46 Imperial Age
29:33 Husbandry
29:32 Fletching
29:53 Forging
29:44 Padded Archer Armor
31:43 Iron Casting
31:30 Chain Barding Armor
32:54 Stone Shaft Mining
34:41 Plate Barding Armor
35:08 Blast Furnace
37:06 Hand Cart
39:37 Fortified Wall
40:29 Chemistry
39:43 Scale Mail Armor
41:22 Redemption
42:28 Caravan
43:59 Conscription
44:30 Bow Saw
46:56 Two-Man Saw
46:45 Block Printing
46:51 Chain Mail Armor
48:26 Onager
50:27 Plate Mail Armor
50:12 Leather Archer Armor
49:53 Bodkin Arrow
51:25 Cavalier
53:15 Ring Archer Armor
52:46 Bracer
HersheysMom
8:16 Loom
11:50 Feudal Age
13:24 Double-Bit Axe
14:49 Wheelbarrow
18:47 Castle Age
16:54 Fletching
20:55 Crossbowman
22:03 Bodkin Arrow
22:09 Padded Archer Armor
22:46 Gold Mining
22:46 Stone Mining
33:30 Imperial Age
31:59 Light Cavalry
33:43 Husbandry
36:09 Scale Barding Armor
36:14 Forging
36:51 Bracer
37:29 Warwolf
38:22 Horse Collar
38:47 Cavalier
39:58 Capped Ram
54:00 Hoardings
52:48 Elite Longbowman
55:41 Chain Barding Armor
55:57 Iron Casting
58:22 Ballistics
59:02 Chemistry
57:59 Murder Holes
57:46 Treadmill Crane
58:33 Hand Cart
59:43 Plate Barding Armor
60:29 Yeomen
GhostyStar1527
3:04 Loom
11:42 Feudal Age
12:03 Horse Collar
13:03 Wheelbarrow
12:30 Double-Bit Axe
18:50 Stone Mining
21:24 Castle Age
22:23 Squires
22:08 Gambesons
22:53 Hand Cart
22:54 Forging
22:47 Scale Mail Armor
23:11 Bow Saw
26:46 Scale Barding Armor
26:54 Heavy Plow
28:21 Chain Mail Armor
38:04 Elite Skirmisher
42:24 Imperial Age
40:55 Iron Casting
43:40 Elite Varangian Guard
45:34 Blast Furnace
46:11 Gold Mining
51:13 Fletching
51:23 Padded Archer Armor
51:56 Plate Mail Armor
50:57 Hamask
52:01 Heavy Scorpion
SuperGrizzly221
9:41 Feudal Age
10:12 Double-Bit Axe
15:55 Castle Age
14:13 Horse Collar
15:04 Town Watch
15:06 Loom
17:18 Squires
16:43 Man-at-Arms
18:05 Stone Mining
18:05 Long Swordsman
19:43 Scale Mail Armor
24:49 Gold Mining
25:19 Heavy Plow
26:32 Forging
27:46 Chain Mail Armor
27:25 Pikeman
31:40 Wheelbarrow
33:41 Iron Casting
39:39 Ballistics
39:14 Fletching
43:20 Gold Shaft Mining
42:46 Murder Holes
45:36 Imperial Age
44:05 Bodkin Arrow
46:43 Conscription
47:02 Comitatenses
46:57 Legionary
47:44 Capped Ram
48:32 Halberdier
50:39 Siege Ram
54:10 Blast Furnace
54:36 Crop Rotation
Duwart
10:27 Feudal Age
8:43 Loom
10:59 Horse Collar
11:04 Double-Bit Axe
18:35 Castle Age
18:29 Gold Mining
18:29 Stone Mining
22:32 Husbandry
27:14 Heavy Plow
36:30 Bow Saw
35:49 Crossbowman
37:09 Padded Archer Armor
37:00 Fletching
38:53 Masonry
41:55 Wheelbarrow
41:10 Town Watch
41:58 Leather Archer Armor
41:38 Bodkin Arrow
43:42 Bloodlines
45:12 Scale Mail Armor
45:18 Scale Barding Armor
45:26 Forging
48:31 Imperial Age
48:37 Arbalester
51:20 Ring Archer Armor
50:51 Bracer
51:26 Iron Casting
52:07 Gold Shaft Mining
52:07 Stone Shaft Mining
53:18 Hand Cart
53:03 Town Patrol
54:02 Conscription
53:14 Light Cavalry
55:19 Hussar
55:22 Elite Battle Elephant
59:12 Chain Barding Armor
59:52 Blast Furnace
59:37 Tusk Swords
Connection lost

Rejoining the realm…

Still unreachable

The connection could not be restored.

Session expired

The server has moved on; the page needs a fresh start.